 Dungeon Crawl Stone Soup version 0.24.0-7-gb3623d2c88 (webtiles) character file.

Game seed: 10093536222426693164, levelgen mode: deterministic

835 Descartes the Magician (level 7, -2/32 HPs)
             Began as a Spriggan Wizard on Nov 2, 2019.
             Slain by a centaur (4 damage)
             ... on level 5 of the Dungeon.
             The game lasted 00:24:32 (9243 turns).

Descartes the Magician (Spriggan Wizard)            Turns: 9243, Time: 00:24:33

Health: -2/32      AC:  2    Str:  3    XL:     7   Next: 66%
Magic:  16/16      EV: 20    Int: 21    God:
Gold:   210        SH:  0    Dex: 15    Spells: 7/16 levels left

rFire    . . .     SeeInvis +   z - +3 spear (flame)
rCold    . . .     Gourm    .   (shield restricted)
rNeg     . . .     Faith    .   a - +0 robe
rPois    .         Spirit   .   b - +0 hat
rElec    .         Reflect  .   (no cloak)
rCorr    .         Harm     .   (gloves unavailable)
MR       +....                  (boots unavailable)
Stlth    +++.......             (no amulet)
HPRegen  0.10/turn              (no ring)
MPRegen  0.15/turn              (no ring)

@: very quick
A: very small, unfitting armour, see invisible, herbivore, speed 3, slow
metabolism 2
a: no special abilities


You were on level 5 of the Dungeon.
You were not hungry.

You visited 2 branches of the dungeon, and saw 6 of its levels.

You collected 210 gold pieces.

Inventory:

Hand Weapons
 c - a +0 hunting sling
 k - a +0 hunting sling
 n - a +0 short sword
 r - a +0 quarterstaff
 z - a +3 spear of flaming (weapon)
Missiles
 d - 7 boomerangs
 e - 50 stones (quivered)
 g - 31 bolts
 s - 29 arrows
Armour
 a - a +0 robe (worn)
 b - a +0 hat (worn)
 i - a +0 buckler
Magical Staves
 C - an uncursed staff of wizardry
Wands
 w - a wand of flame (11)
 y - a wand of iceblast (21)
Scrolls
 f - 2 scrolls of remove curse {unknown}
 j - 4 scrolls of identify {unknown}
 m - a scroll of noise {unknown}
 o - 2 scrolls of teleportation {unknown}
 q - a scroll of fear {unknown}
 u - a scroll of random uselessness {unknown}
 A - 2 scrolls of amnesia {unknown}
 B - a scroll of enchant weapon {unknown}
Potions
 h - a potion of agility {unknown}
 l - a potion of flight {unknown}
 p - a potion of might {unknown}
 t - a potion of lignification {unknown}
 v - a potion of curing
 x - a potion of brilliance {unknown}


   Skills:
 + Level 5.3 Dodging
 - Level 5.0 Stealth
 - Level 1.4 Shields
 + Level 5.4 Spellcasting
 * Level 3.0 Conjurations
   Level 0.7 Summonings
 + Level 3.9 Translocations
 + Level 2.0 Air Magic
 * Level 1.8 Earth Magic
 + Level 2.1 Poison Magic


You had 7 spell levels left.
You knew the following spells:

 Your Spells              Type           Power        Failure   Level  Hunger
a - Magic Dart            Conj           ###.         3%          1    None
b - Blink                 Tloc           N/A          3%          2    None
c - Mephitic Cloud        Conj/Pois/Air  ###.....     12%         3    ##.....
d - Stone Arrow           Conj/Erth      ###...       11%         3    ##.....

Your spell library contained the following spells:

 Spells                   Type           Power        Failure   Level  Hunger
 Sandblast                Erth           ##....       4%          1    None
 Pain                     Necr           #...         11%         1    None
 Passwall                 Tmut/Erth      #.......     11%         2    None
 Call Imp                 Summ           #.......     12%         2    None
 Slow                     Hex            #.......     16%         2    None
 Conjure Flame            Conj/Fire      ##......     17%         3    ##.....
 Petrify                  Tmut/Erth      #.......     56%         4    ####...
 Lee's Rapid Deconstruct  Erth           ##........   78%         5    #####..


Dungeon Overview and Level Annotations

Branches:
Dungeon (5/15)             Temple (1/1) D:5

Altars:
Ashenzari
Cheibriados
Dithmenos
Fedhas
Hepliaklqana
Kikubaaqudgha
Makhleb
Nemelex Xobeh
Okawaru
Qazlal
Ru
Sif Muna
Trog
Uskayaw
Vehumet
Wu Jian
Xom
Yredelemnul
Zin
The Shining One

Annotations:
D:5 3 runed translucent doors, Mrkan's ghost, amateur FoFi; Mrkan's ghost, novice MiFi


Innate Abilities, Weirdness & Mutations

You are very small and have problems with some larger weapons.
You are too small for most types of armour.
You have supernaturally acute eyesight. (SInv)
You are a herbivore.
You cover ground extremely quickly.
You need to consume almost no food.


Message History

The centaur is moderately wounded.
The centaur misses you. x2
You hit the centaur. You burn the centaur.
The centaur is heavily wounded.
The centaur misses you.
You barely miss the centaur.
The centaur is heavily wounded.
The centaur closely misses you. x2
You hit the centaur. You burn the centaur.
The centaur is heavily wounded.
The centaur hits you!
* * * LOW HITPOINT WARNING * * *
The centaur closely misses you.
You hit the centaur. You burn the centaur.
The centaur is severely wounded.
The centaur completely misses you.
You hit the centaur. You burn the centaur.
The centaur is severely wounded.
The centaur hits you.
You die...

.##.....#######†..8....
# #......#....#....###.
###.##..##.....P.....+
.#..##..##.....(.....#
....##...#...........#
........##....##(....#
#.......##....##(...8#
..########....##.888.#
........ #....##@..8.#
.........#######c....#
...............#....$#
...............#.....#
...............#.....#
...............#.....#
...............#.....#
..#.#.#.#.#.#.#.#.#..#
....................


You could see a centaur.

Vanquished Creatures
  A water moccasin (D:5)
  A bullfrog (D:3)
  A scorpion (D:4)
  A crimson imp (D:3)
  2 bullfrog zombies (D:5)
  3 hounds
  A bullfrog skeleton (D:5)
  4 worker ants
  Jessica (D:3)
  A killer bee zombie (D:5)
  A hound zombie (D:5)
  Robin (D:2)
  A worker ant zombie (D:5)
  7 gnolls
  2 adders (D:2)
  2 oozes
  2 worms
  3 dart slugs
  7 leopard geckos
  4 orcs (D:4)
  6 giant cockroaches
  14 goblins
  10 hobgoblins
  4 jackals
  A quokka (D:2)
  A ball python (D:2)
  9 bats
  8 frilled lizards
  A jackal skeleton (D:5)
  10 kobolds
  A quokka skeleton (D:2)
  3 rats
114 creatures vanquished.

Notes
Turn   | Place    | Note
-------+----------+-------------------------------------------
     0 | D:1      | Descartes the Spriggan Wizard began the quest for the Orb.
     0 | D:1      | Reached XP level 1. HP: 9/9 MP: 6/6
   306 | D:1      | Reached XP level 2. HP: 13/13 MP: 1/8
   382 | D:1      | Reached skill level 1 in Conjurations
  1531 | D:2      | Reached XP level 3. HP: 16/16 MP: 2/9
  1791 | D:2      | Found a radiant altar of Vehumet.
  1851 | D:2      | Found an ancient bone altar of Kikubaaqudgha.
  2378 | D:2      | Found a shimmering blue altar of Sif Muna.
  2383 | D:2      | Identified Kikubaaqudgha's Catalogue of Sinister Rites
  2388 | D:2      | Learned a level 2 spell: Blink
  2392 | D:2      | Learned a level 3 spell: Mephitic Cloud
  2844 | D:2      | Found a shimmering altar of Xom.
  2884 | D:2      | Reached XP level 4. HP: 21/21 MP: 5/11
  3490 | D:2      | Found a hazy altar of Hepliaklqana.
  4581 | D:3      | Noticed Robin
  4793 | D:3      | Noticed Jessica
  4807 | D:3      | Killed Jessica
  4807 | D:3      | Reached XP level 5. HP: 10/24 MP: 2/13
  5332 | D:2      | Killed Robin
  5838 | D:3      | Reached skill level 1 in Shields
  5838 | D:3      | Reached skill level 1 in Air Magic
  5838 | D:3      | Reached skill level 1 in Poison Magic
  6092 | D:4      | Reached XP level 6. HP: 28/28 MP: 9/14
  6168 | D:4      | Found a glowing golden altar of the Shining One.
  6565 | D:4      | Reached skill level 5 in Spellcasting
  6955 | D:4      | Learned a level 3 spell: Stone Arrow
  7076 | D:4      | Reached skill level 5 in Stealth
  7181 | D:3      | Reached XP level 7. HP: 13/32 MP: 12/15
  7703 | D:4      | Found a basalt altar of Yredelemnul.
  7705 | D:4      | Noticed a profane servitor
  7717 | D:4      | Noticed an angel
  7758 | D:5      | Entered Level 5 of the Dungeon
  7800 | D:5      | Reached skill level 5 in Dodging
  7800 | D:5      | Reached skill level 1 in Earth Magic
  7805 | D:5      | HP: 1/32 [poisoned by a water moccasin]
  8646 | D:5      | Found a runed translucent gate.
  8646 | D:5      | Found a runed translucent gate.
  8646 | D:5      | Found a runed translucent gate.
  8646 | D:5      | Noticed Mrkan's ghost (novice MiFi)
  8647 | D:5      | Noticed Mrkan's ghost (amateur FoFi)
  8924 | D:5      | Found a staircase to the Ecumenical Temple.
  8933 | Temple   | Entered the Ecumenical Temple
  9243 | D:5      | Slain by a centaur

Levels and vault maps discovered:
D:1:      lemuel_arrival_behind_the_door_small, layout_basic,
          minmay_small_reverse_x
D:2:      layout_loops_corners, grunt_temple_overflow_magic_moments,
          lemuel_doored_altar, overflow_temple_1_default
D:3:      layout_rooms, chequers_serial_rivers_micro_d, uniq_robin, uniq_jessica
D:4:      layout_cave_pools, grunt_temple_overflow_holy_war
D:5:      layout_gridville, minmay_temple_entry_wispy, gammafunk_ghost_cemetery,
          serial_undead, serial_undead_a, serial_undead_b, serial_undead_e,
          serial_undead_c, serial_undead_a, serial_undead_c, first_ration,
          st_stairs_11
Temple:   nicolae_temple_figure_eight

Skill      XL: |  1  2  3  4  5  6  7 |
---------------+----------------------+-----
Conjurations   | 1 2 3 |  3.0
Stealth        | 4 5 |  5.0
Dodging        | 4 5 |  5.3
Translocations | 2 3 |  3.9
Shields        | 1 |  1.4
Air Magic      | 1 2 |  2.0
Poison Magic   | 1 2 |  2.1
Spellcasting   | 5 |  5.4
Earth Magic    | 1 |  1.8
Summonings     | |  0.7

Action                   |  1- 3 |  4- 6 |  7- 9 || total
-------------------------+-------+-------+-------++-------
Melee: Quarterstaff      |       |     2 |       ||     2
       Spear             |       |   111 |    40 ||   151
 Fire: Hunting sling     |    16 |     6 |       ||    22
 Cast: Magic Dart        |   143 |   254 |    74 ||   471
       Stone Arrow       |       |     4 |       ||     4
  Use: Potion            |       |       |     2 ||     2
 Stab: Sleeping          |       |       |     1 ||     1
  Eat: Ration            |       |     2 |     1 ||     3
Armor: Robe              |     1 |    12 |       ||    13
Dodge: Dodged            |    20 |   126 |    62 ||   208
